 Dungeon Crawl Stone Soup version 0.25-a0-647-gd602d06ee1 (webtiles) character file.

Game seed: 4490979542629218272, levelgen mode: deterministic

15 grulito the Firebug (level 2, 0/15 HPs)
             Began as a Tengu Fire Elementalist on Mar 21, 2020.
             Slain by a jackal (2 damage)
             ... on level 1 of the Dungeon.
             The game lasted 00:06:28 (354 turns).

grulito the Firebug (Tengu Fire Elementalist)        Turns: 354, Time: 00:06:28

Health: 0/15       AC:  3    Str:  8    XL:     2   Next: 50%
Magic:  0/6        EV: 12    Int: 15    God:
Gold:   36         SH:  0    Dex: 14    Spells: 4/5 levels left

rFire    . . .     SeeInvis .   j - +0 dagger
rCold    . . .     Gourm    .   (no shield)
rNeg     . . .     Faith    .   d - +0 leather armour
rPois    .         Spirit   .   (helmet restricted)
rElec    .         Reflect  .   (no cloak)
rCorr    .         Harm     .   (no gloves)
MR       .....                  (boots unavailable)
Stlth    ++........             (no amulet)
HPRegen  0.05/turn              (no ring)
MPRegen  0.10/turn              (no ring)

@: very slightly contaminated
A: beak, talons 3
a: no special abilities


You were on level 1 of the Dungeon.
You were not hungry.

You visited 1 branch of the dungeon, and saw 1 of its levels.

You collected 36 gold pieces.

Inventory:

Hand Weapons
 i - a +0 hunting sling
 j - a +0 dagger (weapon)
Armour
 a - a +0 robe
 b - a +0 helmet
 d - a +0 leather armour (worn)
Jewellery
 h - an uncursed ring of resist corrosion {unknown}
Scrolls
 f - a scroll of magic mapping {unknown}
 g - 2 scrolls of identify {unknown}
Potions
 e - a potion of berserk rage {unknown}
Comestibles
 c - 3 rations


   Skills:
 + Level 2.1 Dodging
 + Level 2.2 Stealth
 + Level 2.1 Spellcasting
 + Level 1.8 Conjurations
 + Level 3.7 Fire Magic


You had 4 spell levels left.
You knew the following spells:

 Your Spells              Type           Power        Failure   Level  Hunger
a - Foxfire               Conj/Fire      ##..         10%         1    #......

Your spell library contained the following spells:

 Spells                   Type           Power        Failure   Level  Hunger
 Conjure Flame            Conj/Fire      ##......     30%         3    ###....
 Inner Flame              Hex/Fire       #.......     41%         3    ###....
 Sticky Flame             Conj/Fire      ##......     69%         4    #####..
 Fireball                 Conj/Fire      ##........   95%         5    ######.


Dungeon Overview and Level Annotations

Branches:
Dungeon (1/15)

Altars:


Innate Abilities, Weirdness & Mutations

You have a beak for a mouth.
You have claws for feet.


Message History

Confirm with . or Enter, or press ? or * to list all spells.
You miscast Foxfire.
You are very lightly contaminated with residual magic.
You hear a sizzling sound.
The jackal bites you.
* * * LOW HITPOINT WARNING * * *
The jackal closely misses you.
There is an open door here.
The jackal barely misses you. The jackal bites you.
* * * LOW HITPOINT WARNING * * *
Casting: Foxfire (safe; 10% risk of failure)
Confirm with . or Enter, or press ? or * to list all spells.
You conjure some foxfire!
The jackal barely misses you.
The foxfire hits the jackal.
The jackal is moderately wounded.
The foxfire hits the jackal.
The jackal is heavily wounded.
The jackal bites you.
You die...

#.#
#.....†÷..†..#
#.#
#......#####.#
#.#
############.#
..#
#.......##.#
..#
#........+.#
..#
#....÷..##.#
#.#
#.<.###>##.#
#.#
#.§.....##.#
#h#
#.@h.....'.#
#?#
#.......####
#.# #########
#h# #h# ?.#
..#


You could see a jackal.

Vanquished Creatures
  A dart slug (D:1)
  A ball python (D:1)
  A goblin (D:1)
  2 hobgoblins (D:1)
  3 jackals (D:1)
  A bat (D:1)
  2 frilled lizards (D:1)
  A kobold (D:1)
12 creatures vanquished.

Vanquished Creatures (others)
  20 foxfires (D:1)
20 creatures vanquished.

Grand Total: 32 creatures vanquished

Notes
Turn   | Place    | Note
-------+----------+-------------------------------------------
     0 | D:1      | grulito the Tengu Fire Elementalist began the quest for the
                  | Orb.
     0 | D:1      | Reached XP level 1. HP: 10/10 MP: 4/4
   220 | D:1      | Reached XP level 2. HP: 15/15 MP: 1/6
   354 | D:1      | Slain by a jackal

Levels and vault maps discovered:
D:1:      heliophobic_arrival_battle_scene, layout_basic, nrook_mini_vaults

Action                   || total
-------------------------++-------
Melee: Dagger            ||     3
       Unarmed           ||     1
       Kick              ||     1
 Cast: Foxfire           ||    17
Armor: Leather armour    ||     7
Dodge: Dodged            ||    35

Table legend:
 A = Non-vault XP
 B = Vault XP
 C = Vault XP percentage of total XP
 D = Non-vault monster count
 E = Vault monster count
 F = Vault count percentage of total count
                 A         B        C        D         E       F
            +---------+---------+-------+---------+---------+-------
      Total |      22 |       0 |   0.0 |      12 |       0 |   0.0
            +---------+---------+-------+---------+---------+-------
        D:1 |      22 |       0 |   0.0 |      12 |       0 |   0.0
            +---------+---------+-------+---------+---------+-------
